AoeStats
← waLLefps.

Arena

507801690Analyzed
4v4 RM · 11d ago on Sep 19, 2026· 41m 17s· 8 players
Game mode
Random Map
Map size
Large (8 player)
Population
200
Speed
Normal
Resources
Standard
Victory
Conquest
Starting age
Dark Age
Ending age
Imperial Age
RankedLock teamsTeams togetherTeam positionsShared explorationLock speedFull tech treeHidden civsTurbo modeCheats
Victory
Defeat
🇹🇷 Malay · Türkiye
1474
+13
🇮🇹 Mapuche · Italy
1440
+14
🇹🇷 Cumans · Türkiye
1376
+17
🇪🇸 Persians · Spain
1370
+17
🇨🇳 Bohemians · China
1433
-18
🇨🇴 Italians · Colombia
1429
-16
🇵🇪 Japanese · Peru
1383
-15
🇨🇦 Slavs · Canada
1319
-12
KIRA
10:22 Feudal Age
14:21 Castle Age
12:46 Double-Bit Axe
12:57 Horse Collar
15:45 Bow Saw
16:18 Heavy Plow
19:56 Town Watch
19:58 Loom
21:13 Wheelbarrow
21:03 Gold Mining
21:35 Stone Mining
23:35 Gold Shaft Mining
25:31 Hand Cart
28:31 Imperial Age
27:03 Forging
26:58 Scale Barding Armor
27:10 Bloodlines
28:29 Iron Casting
27:56 Husbandry
29:28 Chain Barding Armor
29:01 Cavalier
29:57 Scale Mail Armor
30:57 Blast Furnace
32:56 Plate Barding Armor
32:57 Savar
34:16 Crop Rotation
34:34 Conscription
33:43 Capped Ram
35:24 Siege Ram
40:13 Two-Man Saw
waLLefps.
11:24 Feudal Age
10:27 Loom
13:36 Double-Bit Axe
15:58 Castle Age
14:05 Horse Collar
15:53 Bow Saw
16:52 Heavy Plow
22:21 Wheelbarrow
22:02 Forging
23:12 Squires
23:00 Arson
24:33 Loom
25:03 Hand Cart
24:57 Town Watch
26:00 Iron Casting
25:49 Fletching
27:41 Ballistics
31:08 Imperial Age
30:06 Gold Mining
30:07 Stone Mining
31:12 Conscription
32:40 Blast Furnace
31:36 Bodkin Arrow
32:43 Chemistry
31:13 Pikeman
32:03 Halberdier
34:05 Crop Rotation
35:15 Elite Karambit Warrior
36:47 Masonry
Tameryig1t
6:46 Loom
9:03 Feudal Age
12:39 Double-Bit Axe
16:46 Horse Collar
22:20 Castle Age
20:55 Wheelbarrow
21:16 Wheelbarrow
21:51 Scale Barding Armor
21:59 Bloodlines
22:11 Gold Mining
22:11 Stone Mining
22:44 Forging
25:01 Bow Saw
25:17 Light Cavalry
26:02 Heavy Plow
25:38 Capped Ram
30:09 Hand Cart
35:09 Imperial Age
33:34 Fletching
33:52 Thumb Ring
35:00 Bodkin Arrow
35:05 Padded Archer Armor
35:28 Chain Barding Armor
35:43 Iron Casting
37:04 Parthian Tactics
38:37 Chemistry
37:56 Leather Archer Armor
38:59 Conscription
38:42 Steppe Husbandry
39:08 Hussar
41:07 Plate Barding Armor
41:02 Ring Archer Armor
41:35 Two-Man Saw
42:11 Ballistics
HSL | LuxRay
5:24 Loom
8:33 Feudal Age
13:54 Horse Collar
14:02 Double-Bit Axe
20:09 Castle Age
21:43 Bow Saw
22:14 Heavy Plow
27:02 Wheelbarrow
26:12 Town Watch
28:57 Hand Cart
29:03 Gold Mining
32:54 Imperial Age
30:45 Fletching
31:27 Bodkin Arrow
31:37 Malon
31:52 Padded Archer Armor
33:43 Leather Archer Armor
34:06 Ballistics
33:14 Elite Bolas Rider
35:34 Ring Archer Armor
35:31 Conscription
35:15 Stone Mining
36:57 Chemistry
37:59 Gold Shaft Mining
37:59 Stone Shaft Mining
37:54 Crop Rotation
40:52 Elite Skirmisher
pppni
11:06 Feudal Age
14:45 Castle Age
13:07 Double-Bit Axe
13:46 Stone Mining
14:10 Horse Collar
14:53 Gold Mining
17:14 Bow Saw
17:15 Loom
21:16 Wheelbarrow
22:16 Gold Shaft Mining
23:32 Forging
24:51 Scale Barding Armor
25:17 Town Watch
26:04 Hand Cart
28:54 Iron Casting
29:43 Chain Barding Armor
32:24 Bloodlines
32:49 Pikeman
33:32 Husbandry
36:42 Imperial Age
35:55 Detinets
36:54 Town Patrol
37:12 Scale Mail Armor
37:14 Heavy Plow
37:45 Halberdier
39:34 Blast Furnace
39:17 Conscription
40:33 Plate Barding Armor
MonkHater
9:24 Loom
11:37 Feudal Age
15:22 Castle Age
13:59 Double-Bit Axe
22:28 Imperial Age
23:24 Chemistry
32:25 Padded Archer Armor
35:30 Double-Bit Axe
Cualnick
9:24 Feudal Age
9:49 Town Watch
9:55 Double-Bit Axe
10:06 Loom
13:40 Wheelbarrow
17:50 Castle Age
15:51 Horse Collar
26:09 Hand Cart
27:06 Bow Saw
26:57 Heavy Plow
27:34 Gold Mining
27:34 Stone Mining
32:32 Imperial Age
30:52 Stone Shaft Mining
30:29 Fletching
31:01 Ballistics
30:26 Treadmill Crane
31:29 Bodkin Arrow
31:55 Padded Archer Armor
32:58 Leather Archer Armor
34:14 Chemistry
34:20 Two-Man Saw
32:48 Onager
34:24 Conscription
34:51 Crop Rotation
34:47 Masonry
35:04 Bracer
36:01 Hoardings
36:36 Ring Archer Armor
36:18 Elite Genoese Crossbowman
37:31 Architecture
37:59 Fortified Wall
39:02 Hoardings
kraquen
12:36 Feudal Age
16:09 Castle Age
14:09 Double-Bit Axe
14:50 Horse Collar
15:03 Gold Mining
25:21 Scale Mail Armor
26:38 Chain Mail Armor
29:04 Forging
29:26 Heavy Plow
31:10 Wheelbarrow
31:19 Iron Casting
32:21 Hand Cart
31:53 Loom
32:27 Bow Saw
33:27 Gold Shaft Mining
38:59 Imperial Age
39:23 Elite Samurai
40:36 Plate Mail Armor
Connection lost

Rejoining the realm…

Still unreachable

The connection could not be restored.

Session expired

The server has moved on; the page needs a fresh start.